cohdb
Replays
Latest Replays
All Replays
Popular Replays
Top Player Replays
Match Explorer
How It Works
Community
CoH3 Stats
Reddit
Sign in to upload your games and track your stats! →
Sign in with Steam
Match 42184183
Unlisted
Match 42184183
Overview
Messages
Build Orders
End
250 Light Carrier
Panzerpioneer Squad
250 Light Carrier
Construct Light Support Kompanie
Assault Grenadier Squad
Selects Panzerjäger Kommand Battlegroup
Selects Panzerjäger Kommand Battlegroup
Selects GrB 39 Grenade Launcher Requisition
Combat Half-tracks
Fire Support Elements
Assault Mechanized Group
Selects Mine Fields
Assault Grenadier Squad
Panzerjäger Squad
Construct Panzerarmee Kommand
Veteran Squad Leaders
Selects Crew Shock Tactics
Flak 36 Anti-tank Gun Team
Armored Reserves
Rapid Advance
Tiger Heavy Tank
MG34 Team
Sailor
Lord Admiral Pickwick
Valdai
Cuthred PHX
Maknil
Petranodon
>>>---[APACHON]--->
Blaston
0
0
Comments
sign in to comment!
No comments posted yet!